 Dungeon Crawl Stone Soup version 0.31.0-12-g77e489cdc1 (webtiles) character file.

Game seed: 14046014133561018932

32998 Amplified the Fighter (level 13, -4/148 HPs)
             Began as an Oni Monk on Mar 3, 2024.
             Was a High Priest of the Shining One.
             Slain by a catoblepas (10 damage)
             ... while petrified by a catoblepas
             ... on level 13 of the Dungeon.
             The game lasted 00:20:22 (15398 turns).

Amplified the Fighter (Oni Monk)                   Turns: 15398, Time: 00:20:23

Health: -4/148     AC: 10    Str: 28    XL:     13   Next: 68%
Magic:  22/22      EV:  1    Int: 11    God:    the Shining One [*****.]
Gold:   1274       SH:  0    Dex: 15    Spells: 12/12 levels left

rFire   . . .        h - +4 trident of Fodwu {freeze, rC+ Dex+4}
rCold   + . .        e - +0 kite shield
rNeg    + + +        M - +0 acid dragon scales
rPois   ∞            g - +2 hat
rElec   .            F - +0 cloak
rCorr   +            (gloves unavailable)
SInv    .            (boots unavailable)
Will    +....        j - amulet of faith
Stlth   +            v - +4 ring of slaying
HPRegen 0.44/turn    r - +6 ring of strength
MPRegen 0.18/turn

%: faith
@: divinely shielded, petrified, glowing, studying Axes
A: large, unfitting armour, horns 1, tough skin 1, double potion healing,
drunken brawling
a: Renounce Religion, Divine Shield, Cleansing Flame, Summon Divine Warrior


You were on level 13 of the Dungeon.
You worshipped the Shining One.
The Shining One was extremely pleased with you.
You visited 1 branch of the dungeon, and saw 13 of its levels.
You also visited: Ossuary, Bailey and Gauntlet.

You collected 1274 gold pieces.

Inventory:

Hand Weapons
 h - the +4 trident of Fodwu (weapon) {freeze, rC+ Dex+4}
   (You found it on level 2 of the Dungeon)

   Dex+4:     It affects your dexterity (+4).
   rC+:       It protects you from cold.
 p - a -2 demon whip of venom
 R - a +0 giant spiked club
Missiles
 f - 7 curare-tipped darts (quivered)
 I - 4 throwing nets
 Q - 8 silver javelins
Armour
 e - a +0 kite shield (worn)
 g - a +2 hat (worn)
 F - a +0 cloak (worn)
 M - +0 acid dragon scales (worn)
Jewellery
 d - a ring of willpower
 j - an amulet of faith (around neck)
 r - a +6 ring of strength (right hand)
 v - a +4 ring of slaying (left hand)
 A - a ring of flight
 E - an amulet of the acrobat
 H - a ring of ice
 L - a ring of willpower
Wands
 l - a wand of mindburst (22)
 B - a wand of flame (10)
 O - a wand of iceblast (4)
 P - a wand of paralysis (5)
Scrolls
 a - 2 scrolls of revelation {unknown}
 k - 3 scrolls of vulnerability
 m - 3 scrolls of enchant armour
 o - 2 scrolls of poison
 q - 5 scrolls of teleportation
 u - a scroll of acquirement
 w - 3 scrolls of immolation
 x - 5 scrolls of enchant weapon
 y - 4 scrolls of amnesia
 C - 2 scrolls of blinking {unknown}
 D - 4 scrolls of summoning
 K - 2 scrolls of brand weapon
 S - a scroll of identify
Potions
 b - 3 potions of might
 c - a potion of ambrosia
 i - a potion of cancellation
 n - 5 potions of attraction
 s - 5 potions of brilliance
 t - 4 potions of enlightenment
 z - a potion of berserk rage
 G - 2 potions of lignification
 J - a potion of resistance


   Skills:
 * Level 14.6 Fighting
 * Level 10.9(13.0) Axes
 * Level 7.5(10.3) Maces & Flails
 - Level 8.6(11.0) Polearms
 - Level 3.0 Dodging
 * Level 10.0 Shields
 * Level 12.9 Invocations


You had 12 spell levels left.
You didn't know any spells.
Your spell library contained the following spells:

 Spells                   Type           Power      Damage    Failure   Level
 Freeze                   Ice            0%         1d3       56%         1
 Kiss of Death            Conj/Necr      0%         2d5       56%         1
 Sublimation of Blood     Necr           0%         N/A       71%         2
 Call Canine Familiar     Summ           0%         N/A       91%         3
 Confusing Touch          Hex            0%         N/A       91%         3
 Frozen Ramparts          Ice            0%         1d1       91%         3
 Hailstorm                Conj/Ice       0%         3d5       91%         3
 Ozocubu's Armour         Ice            0%         N/A       91%         3
 Sigil of Binding         Hex            0%         N/A       91%         3
 Tukima's Dance           Hex            0%         N/A       91%         3
 Dimensional Bullseye     Hex/Tloc       0%         N/A       100%        4
 Dispel Undead            Necr           0%         3d6       100%        4
 Iskenderun's Mystic Bla  Conj/Tloc      0%         2d3       100%        4
 Manifold Assault         Tloc           0%         N/A       100%        4
 Petrify                  Alch/Erth      0%         N/A       100%        4
 Irradiate                Conj/Alch      0%         3d11      100%        5
 Iskenderun's Battlesphe  Conj           0%         2d6       100%        5
 Metabolic Englaciation   Hex/Ice        0%         N/A       100%        5
 Summon Forest            Summ/Tloc      0%         N/A       100%        5
 Bombard                  Conj/Erth      0%         9d1       100%        6
 Dispersal                Tloc           0%         N/A       100%        6
 Eringya's Noxious Bog    Alch           0%         4d6       100%        6
 Sculpt Simulacrum        Ice/Alch       0%         N/A       100%        6
 Spellforged Servitor     Conj/Summ      0%         N/A       100%        7
 Summon Hydra             Summ           0%         N/A       100%        7
 Disjunction              Tloc           0%         N/A       100%        8


Dungeon Overview and Level Annotations

Branches:
Dungeon (13/15)            Temple (0/1) D:6            Lair (0/5) D:8
    Orc (0/2) D:12        Ossuary (visited)          Bailey (visited)
Gauntlet (visited)
 Vaults: D:13-14

Altars:
Cheibriados
Elyvilon
Kikubaaqudgha
Nemelex Xobeh
Yredelemnul
Zin
The Shining One

Portals:
Trove: D:10 (give +3 shadow dragon scales)

Annotations:
D:9 1 runed translucent door


Innate Abilities, Weirdness & Mutations

You are too large for most types of armour.
You have a pair of small horns on your head.
You have tough skin. (AC +1)
You gain doubled healing and magic from potions.
Whenever you drink a healing potion, you attack all around you.


Message History

The centaur warrior shoots an arrow.
The arrow hits you!
* * * LOW HITPOINT WARNING * * *
The death knight hits you from afar with a +0 halberd!!
* * * LOW HITPOINT WARNING * * *
You are too confused!
Unknown command.
Okay, then.
You are too confused!
Unknown command.
You are engulfed in calcifying dust.
You are slowing down.
The green ugly thing is engulfed in calcifying dust.
The green ugly thing stops moving altogether!
The centaur warrior shoots an arrow.
The arrow hits you.
* * * LOW HITPOINT WARNING * * *
The death knight hits you from afar with a +0 halberd.
* * * LOW HITPOINT WARNING * * *
Unknown command.
You feel limber!
Your magical effects are unravelling.
You feel magically purged.
You are engulfed in calcifying dust.
You are slowing down.
You feel less invigorated.
You feel less confused.
The green ugly thing is engulfed in calcifying dust.
The catoblepas barely misses you.
The death knight hits you from afar with a +0 halberd!!
* * * LOW HITPOINT WARNING * * *
The green ugly thing is engulfed in calcifying dust.
Unknown command.
The catoblepas attacks as it pursues you!
You block the catoblepas's attack. You block the death knight's attack.
The green ugly thing is engulfed in calcifying dust.
The catoblepas gores you!
* * * LOW HITPOINT WARNING * * *
The death knight barely misses you.
The green ugly thing is engulfed in calcifying dust.
You have turned to stone.
The catoblepas gores you!!
You die...

#~.. .....
###≈..#####.....
~~~#............
...............
.............#
.............#
.........p...#
.............#
......ucY@...#
.................
###..##########..
###


You could see a death knight, a catoblepas, a green ugly thing (petrified) and a
centaur warrior.

Vanquished Creatures
  A minotaur (Gauntlet)
  A blizzard demon (Gauntlet)
  Harold (D:10)
  2 centaur warriors
  A catoblepas (D:13)
  2 boulder beetles
  4 two-headed ogres
  Erica (D:8)
  Amaemon (D:9)
  3 orc knights (Bailey)
  The ghost of MasterdooM the Cleaver, a novice MiBe of Trog (D:6)
  2 deep elf pyromancers
  A wolf spider (D:10)
  A manticore (D:10)
  Maurice (D:7)
  3 ugly things
  4 cyclopes
  5 elephants (Gauntlet)
  A torpor snail (Gauntlet)
  2 gargoyles
  An orange demon (D:9)
  2 unseen horrors
  2 efreet (D:9)
  2 freezing wraiths
  Prince Ribbit (D:7)
  9 trolls
  An ice devil (Gauntlet)
  4 hornets
  7 slime creatures (D:12)
  A centaur simulacrum (D:13)
  A wraith (D:13)
  6 shadows
  2 yaks
  2 wyverns
  A warg (D:12)
  A steam dragon (D:10)
  3 acid dragons
  A water moccasin (D:8)
  7 ice beasts
  10 orc warriors
  A black bear (D:4)
  3 sky beasts
  An ogre (D:7)
  A laughing skull (D:13)
  11 centaurs
  6 kobold brigands
  A weeping skull (Ossuary)
  3 gnoll sergeants
  3 bullfrogs
  3 scorpions
  A water moccasin zombie (Ossuary)
  A burial acolyte (D:7)
  15 wights
  6 killer bees (D:9)
  6 howler monkeys
  3 centaur zombies (Ossuary)
  A bullfrog zombie (Ossuary)
  A hound (D:5)
  A bombardier beetle (D:4)
  2 jellies
  7 orc priests
  A gnoll bouda (D:7)
  5 iguanas
  15 orc wizards
  A scorpion zombie (Ossuary)
  A hound zombie (D:7)
  14 gnolls
  15 adders
  3 shadow imps
  2 white imps (Gauntlet)
  5 adder zombies
  3 dart slugs
  A ribbon worm (D:2)
  62 orcs
  6 endoplasms
  2 giant cockroaches
  2 goblins
  11 hobgoblins
  7 jackals
  12 kobolds
  2 quokkas
  6 ball pythons
  2 bats
  4 gnoll zombies
  2 goblin zombies (Ossuary)
  4 hobgoblin zombies (Ossuary)
  3 kobold zombies (D:7)
  4 orc zombies (Ossuary)
  6 rats
380 creatures vanquished.

Notes
Turn   | Place    | Note
-------+----------+-------------------------------------------
     0 | D:1      | Amplified the Oni Monk began the quest for the Orb.
     0 | D:1      | Reached XP level 1. HP: 24/24 MP: 1/1
   181 | D:1      | Reached XP level 2. HP: 32/32 MP: 2/2
  1072 | D:2      | Identified the +4 trident of Fodwu {freeze, rC+ Dex+4}
  1097 | D:2      | Reached XP level 3. HP: 40/40 MP: 3/3
  1170 | D:2      | Reached skill level 1 in Invocations
  1221 | D:2      | Reached skill level 1 in Polearms
  1283 | D:2      | Reached XP level 4. HP: 49/49 MP: 5/5
  1601 | D:2      | Reached skill level 5 in Fighting
  2215 | D:3      | Noticed a scorpion
  2221 | D:3      | Killed a scorpion
  2222 | D:3      | Reached skill level 1 in Shields
  2222 | D:3      | Reached XP level 5. HP: 48/57 MP: 6/6
  2645 | D:4      | Noticed a black bear
  2650 | D:4      | Killed a black bear
  2651 | D:4      | Reached XP level 6. HP: 59/67 MP: 8/8
  2925 | D:4      | Reached skill level 6 in Fighting
  3154 | D:4      | Reached XP level 7. HP: 75/75 MP: 9/9
  3160 | D:4      | Found a white marble altar of Elyvilon.
  3160 | D:4      | Found a glowing golden altar of the Shining One.
  3160 | D:4      | Found a glowing silver altar of Zin.
  3168 | D:4      | Became a worshipper of the Shining One
  3168 | D:4      | Reached * piety under the Shining One
  3168 | D:4      | Reached ** piety under the Shining One
  3573 | D:5      | Entered Level 5 of the Dungeon
  3721 | D:5      | Found a sand-covered staircase.
  3726 | Ossuary  | Entered an ossuary
  3780 | Ossuary  | Reached *** piety under the Shining One
  3875 | Ossuary  | Reached **** piety under the Shining One
  3990 | Ossuary  | Reached skill level 7 in Fighting
  3990 | Ossuary  | Noticed a silent spectre
  4059 | D:5      | Reached XP level 8. HP: 87/87 MP: 11/11
  4079 | D:5      | Found a transporter.
  4256 | D:5      | Found a transporter.
  4271 | D:5      | Noticed a hornet
  4275 | D:5      | Killed a hornet
  4276 | D:5      | Reached skill level 5 in Invocations
  4741 | D:6      | Reached skill level 8 in Fighting
  4779 | D:6      | Reached skill level 5 in Polearms
  4825 | D:6      | Found a runed translucent gate.
  4825 | D:6      | Found a runed translucent gate.
  4825 | D:6      | Found a runed translucent gate.
  4828 | D:6      | Noticed MasterdooM's ghost (novice MiBe)
  4837 | D:6      | Noticed an unseen horror
  5029 | D:6      | Identified the +0 robe of Elyvilon's Whim {Str+2}
  5103 | D:6      | Found a staircase to the Ecumenical Temple.
  5128 | D:6      | Reached XP level 9. HP: 84/97 MP: 13/13
  5387 | D:7      | Identified a scroll of acquirement
  5400 | D:7      | Found a flagged portal.
  5410 | D:7      | Identified the +5 spear "Raczinao" {drain, rElec}
  5415 | Bailey   | Entered a bailey
  5803 | Bailey   | Noticed an orc knight
  5834 | Bailey   | Reached skill level 5 in Shields
  5843 | Bailey   | Killed an orc knight
  5844 | Bailey   | Reached skill level 9 in Fighting
  5844 | Bailey   | Noticed an orc knight
  5855 | Bailey   | Killed an orc knight
  5987 | Bailey   | Noticed an orc knight
  6006 | Bailey   | Killed an orc knight
  6007 | Bailey   | Reached skill level 10 in Fighting
  6007 | Bailey   | Reached XP level 10. HP: 63/110 MP: 13/16
  6440 | D:7      | Noticed Maurice
  6446 | D:7      | Maurice stole an amulet of magic regeneration
  6453 | D:7      | Maurice stole 6 curare-tipped darts
  6456 | D:7      | Maurice stole a +0 mace
  6457 | D:7      | Maurice stole 191 gold
  6458 | D:7      | Killed Maurice
  6796 | D:7      | Found a sparkling altar of Nemelex Xobeh.
  7127 | D:7      | Noticed Prince Ribbit
  7137 | D:7      | Killed Prince Ribbit
  7397 | D:7      | Found an ancient bone altar of Kikubaaqudgha.
  7410 | D:7      | Reached ***** piety under the Shining One
  7729 | D:8      | Found a staircase to the Lair.
  7738 | D:8      | Noticed Erica
  7746 | D:8      | Killed Erica
  7747 | D:8      | Reached skill level 11 in Fighting
  8083 | D:8      | Noticed a two-headed ogre
  8089 | D:8      | Killed a two-headed ogre
  8118 | D:8      | Reached XP level 11. HP: 57/120 MP: 15/18
  8268 | D:8      | Found a basalt altar of Yredelemnul.
  8752 | D:8      | Found a snail-covered altar of Cheibriados.
  9327 | D:9      | Reached skill level 10 in Invocations
  9423 | D:9      | Noticed Amaemon
  9456 | D:9      | Killed Amaemon
  9566 | D:9      | Reached skill level 12 in Fighting
 10035 | D:9      | Found a runed translucent door.
 10296 | D:5      | Reached skill level 5 in Axes
 10383 | D:6      | Killed MasterdooM's ghost
 10490 | D:10     | Entered Level 10 of the Dungeon
 10608 | D:10     | Noticed a manticore
 10622 | D:10     | Killed a manticore
 10656 | D:10     | Noticed a centaur warrior
 10658 | D:10     | Noticed a wolf spider
 10668 | D:10     | Killed a wolf spider
 10674 | D:10     | Killed a centaur warrior
 10675 | D:10     | Noticed a deep elf pyromancer
 10687 | D:10     | Reached XP level 12. HP: 46/133 MP: 8/20
 10915 | D:10     | Noticed a two-headed ogre
 10930 | D:10     | Killed a two-headed ogre
 11295 | D:10     | Found a portal to a secret trove of treasure.
 11407 | D:10     | Noticed Harold
 11416 | D:10     | Killed Harold
 11417 | D:10     | Reached skill level 5 in Maces & Flails
 11429 | D:10     | Reached skill level 13 in Fighting
 12411 | D:11     | Noticed a two-headed ogre
 12418 | D:11     | Paralysed by a hornet for 3 turns
 12427 | D:11     | Killed a two-headed ogre
 12948 | D:12     | Found a staircase to the Orcish Mines.
 13024 | D:12     | Noticed a two-headed ogre
 13031 | D:12     | Killed a two-headed ogre
 13067 | D:12     | Noticed a centaur warrior
 13078 | D:12     | Killed a centaur warrior
 13476 | D:12     | Noticed a boulder beetle
 13491 | D:12     | Killed a boulder beetle
 13502 | D:12     | Reached XP level 13. HP: 100/145 MP: 16/22
 13922 | D:12     | Reached skill level 14 in Fighting
 14418 | D:13     | Found a gate leading to a gauntlet.
 14432 | Gauntlet | Entered a Gauntlet
 14432 | Gauntlet | Found a transporter.
 14432 | Gauntlet | Found a runed translucent door.
 14535 | Gauntlet | Found a runed translucent door.
 14539 | Gauntlet | Found a transporter.
 14541 | Gauntlet | Found a transporter.
 14551 | Gauntlet | Found a transporter.
 14554 | Gauntlet | Found a transporter.
 14563 | Gauntlet | Found a transporter.
 14579 | Gauntlet | Found a transporter.
 14582 | Gauntlet | Noticed a cacodemon
 14590 | Gauntlet | Found a transporter.
 14602 | Gauntlet | Found a transporter.
 14602 | Gauntlet | Noticed a blizzard demon
 14617 | Gauntlet | Found a transporter.
 14620 | Gauntlet | Found a runed translucent door.
 14631 | Gauntlet | Found a transporter.
 14632 | Gauntlet | Found a transporter.
 14696 | Gauntlet | Found a transporter.
 14696 | Gauntlet | Found a transporter.
 14788 | Gauntlet | Reached skill level 10 in Axes
 14897 | Gauntlet | Killed a blizzard demon
 14920 | Gauntlet | Noticed a minotaur
 14929 | Gauntlet | Killed a minotaur
 14933 | Gauntlet | Identified the +2 spear of Xemizeo {freeze, rPois rC+ MP-9
                  | Stlth+}
 15337 | D:13     | Reached skill level 10 in Shields
 15393 | D:13     | Identified the +1 quarterstaff "Gacinn" {flame, rElec rF+
                  | Stlth-}
 15397 | D:13     | HP: 6/148 [catoblepas (8)]
 15398 | D:13     | Slain by a catoblepas

Illustrated notes

Levels and vault maps discovered:
D:1:      matt_arrival_refuge, layout_basic
D:2:      layout_loops_ring
D:3:      layout_basic
D:4:      layout_loops_ring, dreamdust_divine_triumvirate
D:5:      gammafunk_cloud_chamber, layout_gridville, enter_ossuary_2
D:6:      layout_loops_cross, minmay_temple_entry_antechambers,
          gammafunk_ghost_split
D:7:      layout_layer_cave, mainiacjoe_overflow_alcove_4,
          regret_index_kikubaaqudgha_part_by_part, enter_bailey_2,
          corexii_item_surrounded_by_moat, uniq_maurice, uniq_prince_ribbit1
D:8:      wad_crossroads, layout_loops_ring, old_standard_altar,
          kennysheep_little_box, minmay_manual_moon, uniq_erica
D:9:      layout_basic, minivault_13, uniq_amaemon
D:10:     hangedman_cross_cluster, layout_gridville, enter_trove_0, uniq_harold
D:11:     layout_roguey
D:12:     layout_irregular_city, erik_orc_3, serial_glass, glass_columns_b,
          glass_columns_b, glass_columns_b, glass_columns_c, glass_columns_a,
          glass_columns_a, glass_columns_c, glass_columns_a,
          corexii_hall_statues_i
D:13:     cheibrodos_ideogram_h, layout_irregular_city, gauntlet_entry_generic,
          minmay_misc_feat_tiny, uniq_sonja

Skill      XL: |  1  2  3  4  5  6  7  8  9 10 11 12 13 |
---------------+----------------------------------------+-----
Invocations    | 1 2 3 4 6 8 9 10 12 | 12.9
Polearms       | 1 2 3 4 5 6 8 |  8.6
Dodging        | 3 |  3.0
Fighting       | 5 6 7 8 10 11 12 13 14 | 14.6
Shields        | 1 2 3 4 6 7 8 9 10 | 10.0
Axes           | 2 6 9 10 | 10.9
Maces & Flails | 4 6 7 |  7.5

Action                     |  1- 3 |  4- 6 |  7- 9 | 10-12 | 13-15 || total
---------------------------+-------+-------+-------+-------+-------++-------
  Melee: Mace              |    21 |       |       |       |       ||    21
         Headbutt          |     8 |     5 |    34 |   109 |    53 ||   209
         Trident           |    28 |    95 |   254 |   483 |   136 ||   996
  Throw: Throwing net      |       |     1 |       |       |       ||     1
         Dart              |       |       |     7 |     4 |     3 ||    14
 Invoke: Divine Shield     |       |       |     3 |     9 |     4 ||    16
         Cleansing Flame   |       |       |     1 |    10 |     7 ||    18
    Use: Potion            |     1 |     1 |     3 |     6 |     6 ||    17
         Scroll            |       |     3 |     8 |     7 |     3 ||    21
   Stab: Sleeping          |       |     2 |       |       |       ||     2
         Held in net/web   |       |     1 |       |       |       ||     1
 Armour: Robe              |    24 |    34 |   195 |   102 |       ||   355
         Acid dragon scale |       |       |       |   105 |    95 ||   200
  Dodge: Dodged            |    17 |    21 |   110 |   113 |    27 ||   288
  Block: Kite shield       |       |    28 |   150 |   238 |    63 ||   479
